 Dungeon Crawl Stone Soup version 0.31-a0-986-g5e6e4ef867 (webtiles) character file.

Game seed: 6342590282948854721

1855 Firecrotchwizard the Grappler (level 9, -7/47 HPs)
             Began as a Vine Stalker Shapeshifter on Nov 12, 2023.
             Was a Follower of Nemelex Xobeh.
             Mangled by an ice devil (16 damage)
             ... summoned by the player character
             ... on level 5 of the Dungeon.
             The game lasted 00:11:04 (3822 turns).

Firecrotchwizard the Grappler (VSSh)                Turns: 3822, Time: 00:11:04

Health: -7/47      AC: 12    Str: 22    XL:     9   Next: 12%
Magic:  0/12       EV:  8    Int: 10    God:    Nemelex Xobeh [*.....]
Gold:   189        SH:  0    Dex: 16    Spells: 8/8 levels left

rFire   . .          .
                       - Unarmed
rCold   . . .        (no shield)
rNeg    . . .        q - +0 chain mail of Ecruush {Dex+3}
rPois   .            (helmet currently unavailable)
rElec   .            (cloak currently unavailable)
rCorr   .            (gloves currently unavailable)
SInv    .            (boots currently unavailable)
Will    +....        (no amulet) Stlth
                     k - +4 ring of protection
HPRegen 1.07/turn    (no ring)
MPRegen 0.13/turn

%: guardian spirit
@: beast-form, studying Stealth
A: beast (slay +3), fangs 3, regeneration 1, magic shield, antimagic bite, no
potion heal 2
a: Begin Untransformation, Renounce Religion, Draw Escape, Draw Destruction,
Draw Summoning


You were on level 5 of the Dungeon.
You worshipped Nemelex Xobeh.
Nemelex Xobeh was aware of your devotion.
You were a hulking beast.
You visited 1 branch of the dungeon, and saw 5 of its levels.
You also visited: Ossuary.

You collected 189 gold pieces.

Inventory:

Missiles
 u - 4 poisoned darts
Armour
 a - a +0 animal skin
 o - a +0 leather armour
 q - the +0 chain mail of Ecruush (worn) {Dex+3}
   (You found it on level 3 of the Dungeon)

   Dex+3:     It affects your dexterity (+3).
Jewellery
 k - a +4 ring of protection (left hand)
Talismans
 c - a beast talisman
 d - a flux talisman
Scrolls
 g - a scroll of blinking {unknown}
 h - a scroll of fear {unknown}
 i - a scroll of teleportation {unknown}
 p - 4 scrolls of identify {unknown}
 v - 2 scrolls of vulnerability {unknown}
 y - a scroll of silence {unknown}
 z - a scroll of noise {unknown}
 A - a scroll of brand weapon {unknown}
Potions
 b - a potion of lignification
 e - 2 potions of attraction {unknown}
 f - a potion of haste {unknown}
 j - 5 potions of heal wounds {unknown}
 l - 3 potions of magic {unknown}
 m - 2 potions of brilliance {unknown}
 n - a potion of curing {unknown}
 r - a potion of ambrosia {unknown}
 s - a potion of degeneration {unknown}
 t - a potion of berserk rage {unknown}
 w - 3 potions of might {unknown}
 x - a potion of enlightenment {unknown}


   Skills:
 + Level 5.0 Fighting
 - Level 1.5 Dodging
 * Level 8.4 Unarmed Combat
 + Level 3.0 Invocations
 + Level 5.8 Shapeshifting


You had 8 spell levels left.
You didn't know any spells.
Your spell library contained the following spells:

 Spells                   Type           Power      Damage    Failure   Level
 Animate Armour           Summ/Erth      0%         N/A       100%        4
 Summon Lightning Spire   Summ/Air       0%         N/A       100%        4
 Lee's Rapid Deconstruct  Erth           0%         3d4*      100%        5


Dungeon Overview and Level Annotations

Branches:
Dungeon (5/15)            Ossuary (visited)
 Temple: D:4-7

Altars:
Cheibriados
Gozag
Kikubaaqudgha
Nemelex Xobeh
Trog
Uskayaw


Innate Abilities, Weirdness & Mutations

You are a hulking beast.
Your limbs bulge with bestial killing power. (Slay +3)
You have razor-sharp teeth.
Your natural rate of healing is unusually fast.
When hurt, damage is shared between your health and your magic reserves.
Your bite disrupts and absorbs the magic of your enemies.
Potions cannot restore your health.


Message History

You start resting.
Magic restored.
You start resting.
HP restored.
Things that are here:
an adder corpse; a water moccasin corpse You see here an adder corpse.
An ogre comes into view. It is wielding a +0 giant spiked club.
The ogre shouts!
You hear a bark!
Throw: 5 darts (poison)
Press: ? - help, Shift-Dir - straight line, f - ogre
Aim: an ogre, wielding a +0 giant spiked club (77% to hit)
You throw a poisoned dart. The poisoned dart hits the ogre.
The ogre is poisoned.
Throw: 4 darts (poison)
Press: ? - help, Shift-Dir - straight line, f/p - ogre
Aim: an ogre, wielding a +0 giant spiked club (lightly wounded, poisoned, 77% to hit)
You throw a poisoned dart. The poisoned dart hits the ogre.
The ogre is lightly wounded.
Throw: 3 darts (poison)
Press: ? - help, Shift-Dir - straight line, f/p - ogre
Aim: an ogre, wielding a +0 giant spiked club (lightly wounded, poisoned, 77% to hit)
You throw a poisoned dart. The poisoned dart hits the ogre.
The ogre looks even sicker.
The ogre is lightly wounded.
Throw: 2 darts (poison)
Press: ? - help, Shift-Dir - straight line, f/p - ogre
Aim: an ogre, wielding a +0 giant spiked club (lightly wounded, very poisoned, 77% to hit)
You throw a poisoned dart. The poisoned dart hits the ogre.
The ogre is lightly wounded.
Throw: dart (poison)
Press: ? - help, Shift-Dir - straight line, f/p - ogre
Aim: an ogre, wielding a +0 giant spiked club (lightly wounded, very poisoned, 77% to hit)
You throw a poisoned dart. The poisoned dart hits the ogre.
The ogre looks even sicker.
The ogre is lightly wounded.
You completely miss the ogre.
The ogre is lightly wounded.
The ogre barely misses you.
You punch the ogre! You bite the ogre.
You kill the ogre!
Your Fighting skill increases to level 5!
Your Invocations skill increases to level 3!
No target in view!
You see here a +0 giant spiked club.
u - a poisoned dart You pick up a manual of Stealth and begin studying.
u - 2 poisoned darts (gained 1)
u - 3 poisoned darts (gained 1)
u - 4 poisoned darts (gained 1)
A two-headed ogre comes into view. It is wielding two +0 giant clubs.
The two-headed ogre shouts in stereo!
You hear a bark!
Throw: 4 darts (poison)
Press: ? - help, Shift-Dir - straight line, f - two-headed ogre
Aim: a two-headed ogre, wielding two +0 giant clubs (77% to hit)
Okay, then.
Okay, then.
You draw a card...
You have drawn the Pentagram.
The deck of cards glows with a rainbow of weird colours and disappears.
Your hell hound barely misses the ice devil.
The ice devil hits you but does no damage.
You hit the two-headed ogre.
The two-headed ogre is lightly wounded.
Your hell hound bites the ice devil!
The two-headed ogre hits you but does no damage. x2
You punch the two-headed ogre! Your punch misses the two-headed ogre.
You bite the two-headed ogre. You drain its power.
The two-headed ogre is moderately wounded.
Your hell hound barely misses the ice devil.
The ice devil hits you. The ice devil freezes you!
Your hell hound bites the ice devil but does no damage.
You hit the two-headed ogre. You bite the two-headed ogre. You drain its power.
You feel invigorated.
The two-headed ogre is heavily wounded.
The ice devil hits you but does no damage.
The two-headed ogre hits you with a +0 giant club!!
* * * LOW HITPOINT WARNING * * *
The two-headed ogre barely misses you.
Your hell hound barely misses the ice devil.
You hit the two-headed ogre. You bite the two-headed ogre. You drain its power.
You feel invigorated.
The two-headed ogre is heavily wounded.
Your hell hound barely misses the ice devil.
The ice devil hits you!
* * * LOW HITPOINT WARNING * * *
The ice devil freezes you!
* * * LOW MAGIC WARNING * * *
* * * LOW HITPOINT WARNING * * *
Your hell hound closely misses the ice devil.
The ice devil hits you but does no damage.
Your hell hound closely misses the ice devil.
Your hell hound barely misses the ice devil.
The ice devil attacks as it pursues you!
The ice devil hits you.
* * * LOW MAGIC WARNING * * *
* * * LOW HITPOINT WARNING * * *
The ice devil freezes you!!
* * * LOW MAGIC WARNING * * *
You die...
Your body disappears without a glow.

#.# #.# #.#.# #.. ###
#.#.# ... .. #.#.#
?..O. #.#.###### #.#.
..#......# ... ###
#.######.#
#.#####.######.# #.#
#.......Oh.....######.#
####..h.4.....††......#
####################


You could see a two-headed ogre, an ice devil (summoned, ally target) and a
friendly hell hound (summoned).

Vanquished Creatures
  Pikel (D:5)
  A water moccasin (D:5)
  3 ogres
  A phantom (D:4)
  A lemure (D:4)
  5 elf zombies (Ossuary)
  A scorpion (D:5)
  3 centaur zombies (Ossuary)
  A jelly (D:2)
  4 human zombies (Ossuary)
  Jessica (D:3)
  3 iguanas
  An orc wizard (D:4)
  3 mummies (Ossuary)
  7 adders
  A worm (D:2)
  2 dart slugs
  12 orcs
  7 ball pythons
  3 bats
  3 endoplasms
  6 giant cockroaches
  8 goblins
  9 hobgoblins
  3 jackals (D:2)
  2 quokkas
  6 frilled lizards
  4 kobolds
  6 rats
108 creatures vanquished.

Notes
Turn   | Place    | Note
-------+----------+-------------------------------------------
     0 | D:1      | Firecrotchwizard the Vine Stalker Shapeshifter began the
                  | quest for the Orb.
     0 | D:1      | Reached XP level 1. HP: 9/9 MP: 2/2
    69 | D:1      | You fall into a shaft and drop 1 floor!
   127 | D:2      | Reached skill level 1 in Fighting
   229 | D:2      | Reached XP level 2. HP: 14/14 MP: 3/3
   536 | D:1      | Found a faded altar of an unknown god.
   839 | D:2      | Reached XP level 3. HP: 18/18 MP: 4/4
  1077 | D:2      | Reached skill level 4 in Unarmed Combat
  1077 | D:2      | Reached XP level 4. HP: 4/23 MP: 1/5
  1606 | D:3      | Identified the +0 chain mail of Ecruush {Dex+3}
  1691 | D:3      | Reached XP level 5. HP: 25/26 MP: 4/6
  1708 | D:3      | Noticed Jessica
  1710 | D:3      | Killed Jessica
  1908 | D:4      | Noticed a phantom
  1921 | D:4      | Killed a phantom
  1922 | D:4      | Reached skill level 5 in Unarmed Combat
  1922 | D:4      | Reached XP level 6. HP: 32/32 MP: 7/7
  2173 | D:4      | Found a sand-covered staircase.
  2184 | Ossuary  | Entered an ossuary
  2263 | Ossuary  | Reached XP level 7. HP: 35/36 MP: 8/8
  2297 | Ossuary  | Reached skill level 6 in Unarmed Combat
  2376 | Ossuary  | Gained mutation: You have razor-sharp teeth. [Vine Stalker
                  | growth]
  2376 | Ossuary  | Reached XP level 8. HP: 41/42 MP: 9/9
  2407 | D:4      | Found a sparkling altar of Nemelex Xobeh.
  2407 | D:4      | Found an opulent altar of Gozag.
  2410 | D:4      | Found a bloodstained altar of Trog.
  2410 | D:4      | Found a snail-covered altar of Cheibriados.
  2414 | D:4      | Became a worshipper of Nemelex Xobeh the Trickster
  2830 | D:4      | Found a hide-covered altar of Uskayaw.
  2831 | D:4      | Found an ancient bone altar of Kikubaaqudgha.
  2855 | D:4      | Reached skill level 7 in Unarmed Combat
  2855 | D:4      | Reached skill level 5 in Shapeshifting
  3323 | D:5      | Entered Level 5 of the Dungeon
  3323 | D:5      | Noticed Pikel
  3367 | D:5      | Reached skill level 1 in Invocations
  3480 | D:5      | Reached * piety under Nemelex Xobeh
  3493 | D:5      | Received a gift from Nemelex Xobeh
  3574 | D:5      | Killed Pikel
  3575 | D:5      | Reached skill level 8 in Unarmed Combat
  3629 | D:5      | Reached XP level 9. HP: 43/46 MP: 11/11
  3795 | D:5      | Reached skill level 5 in Fighting
  3808 | D:5      | Noticed a two-headed ogre
  3815 | D:5      | Noticed an ice devil
  3822 | D:5      | Mangled by an ice devil

Illustrated notes

Levels and vault maps discovered:
D:1:      tarquinn_simple_flora_water_b, layout_loops_cross,
          hellmonk_ecumenical_altar_inner_sanctum
D:2:      layout_loops_cross, serial_forest, infiniplex_forest_straight_5,
          infiniplex_forest_zigzag_2, infiniplex_forest_lined_2,
          infiniplex_forest_end_double, infiniplex_forest_zigzag_2,
          infiniplex_forest_clump_long, infiniplex_forest_clump_small,
          infiniplex_forest_clump_small
D:3:      cheibrodos_greedy_goblins, layout_rooms, uniq_jessica
D:4:      layout_basic, chequers_temple_overflow_statue_of_worship,
          mainiacjoe_overflow_catwalk_spiral,
          lightli_ossuary_entry_decrepit_ruins
D:5:      layout_basic, amcnicky_altar_gilded, jmf_multi_god_temple2,
          minmay_temple_entry_junction, hangedman_abyss_or_decor_stabs,
          hangedman_decor_lopped, minmay_manual_monolith, uniq_pikel

Skill      XL: |  1  2  3  4  5  6  7  8  9 |
---------------+----------------------------+-----
Fighting       | 1 2 3 4 5 |  5.0
Unarmed Combat | 4 5 6 8 |  8.4
Shapeshifting  | 4 5 |  5.8
Invocations    | 2 3 |  3.0
Dodging        | |  1.5

Action                     |  1- 3 |  4- 6 |  7- 9 || total
---------------------------+-------+-------+-------++-------
  Melee: Unarmed           |    68 |   122 |   146 ||   336
         Bite              |    11 |    29 |    51 ||    91
         Punch             |       |     4 |     6 ||    10
  Throw: Dart              |       |       |    10 ||    10
 Invoke: Draw Summoning    |       |       |     1 ||     1
   Stab: Sleeping          |     3 |     1 |       ||     4
 Armour: Animal skin       |    35 |     9 |       ||    44
         Chain mail        |       |    55 |    96 ||   151
         Leather armour    |       |     2 |       ||     2
  Dodge: Dodged            |    36 |    38 |    33 ||   107

Table legend: (Time is in decaauts)
 A = Elapsed time spent in this place.
 B = Non-inter-level travel time spent in this place.
 C = Inter-level travel time spent in this place.
 D = Time resting spent in this place.
 E = Time spent auto-exploring this place.
 F = Levels seen in this place.
 G = Mean time per level.
                   A        B        C        D        E       F      G
               +--------+--------+--------+--------+--------+-----+--------+
         Total |   3786 |   3594 |    192 |     71 |   2820 |   6 |  631.0 |
       Dungeon |   3591 |   3399 |    192 |     71 |   2755 |   5 |  718.2 |
       Ossuary |    195 |    195 |      0 |      0 |     65 |   1 |  195.0 |
               +--------+--------+--------+--------+--------+-----+--------+

Top non-repeatable levels by time:
     D:4: 1274 daAuts
     D:2: 779 daAuts
     D:1: 651 daAuts
     D:5: 472 daAuts
     D:3: 413 daAuts
 Ossuary: 195 daAuts
